Map: Mech-Depot LE

Players

Panda

  • Race: Zerg Zerg
  • League: Diamond
  • Spawn Location: 1:00

Dynamic - Winner!

  • Race: Zerg Zerg
  • League: Diamond
  • Spawn Location: 7:00

VOD

Have the link to the VOD?

Description

Time

  • Played on: Sept. 9, 2017, 3:43 p.m.
  • Length: 3:37
Show
View Real Time Build Order
Export as new Build Order

Panda Zerg 

Build Orders: Pool Only 

Get SALT Encoding   

  12  0:01  Drone  
  13  0:15  Extractor  
  12  0:25  Spawning Pool  
  12  0:28  Drone  
  12  0:33  Drone  
  13  0:38  Drone  
  14  0:46  Overlord  
  14  1:12  Zergling x6  
  14  1:15  Queen  
  19  1:25  Metabolic Boost  
  19  1:29  Zergling x2  
  20  1:37  Zergling x2  
  21  1:44  Zergling x2  
  22  1:49  Baneling Nest  
  21  1:56  Zergling x2  
  22  2:06  Overlord  
  22  2:35  Zergling x4  
  22  2:36  Zergling x4  
  26  2:42  Baneling x2  
  26  2:43  Zergling x2  
  21  3:00  Zergling x2  
  22  3:09  Baneling x3  
  22  3:12  Zergling x2  
Show
View Real Time Build Order
Export as new Build Order

Dynamic Zerg - Winner!

Build Orders: Hatch First 

Get SALT Encoding   

  12  0:00  Drone  
  13  0:15  Drone  
  14  0:24  Extractor, Drone  
  15  0:28  Overlord  
  15  0:46  Hatchery  
  15  0:49  Drone  
  15  1:04  Spawning Pool  
  15  1:07  Drone  
  16  1:11  Drone  
  16  1:14  Drone  
  17  1:18  Drone  
  17  1:22  Extractor  
  17  1:29  Drone  
  19  1:40  Drone  
  19  1:50  Overlord  
  19  1:57  Queen  
  21  2:02  Drone, Zergling x2  
  23  2:10  Zergling x2  
  23  2:12  Zergling x2  
  25  2:22  Zergling x2  
  26  2:23  Zergling x2  
  27  2:30  Zergling x2  
  27  2:33  Zergling x2  
  27  2:37  Queen  
  29  2:41  Zergling x2  
  33  2:44  Zergling x2  
  33  2:53  Zergling x2  
  33  2:55  Zergling x2  
  31  3:02  Zergling x2  
  31  3:05  Spine Crawler  
  31  3:06  Drone x3  
  31  3:10  Zergling x2  
  35  3:15  Overlord  
  35  3:18  Zergling x2  
Tags
 
Matchup
ZvZ
Race
Zerg
Replay Pack
replays1
Spawn Locations
Cross Positions
Add a new tag
Caveats
  • Supply blocks, unpowered buildings, or Contaminate may cause inaccurate times.
  • Supply counts are checked every 10 seconds.